 Dungeon Crawl Stone Soup version 0.17.1-3-g152610e (webtiles) character file.

103 GFox the Sneak (level 4, 0/23 HPs)
             Began as a Vine Stalker Assassin on Mar 22, 2016.
             Succumbed to an adder's poison
             ... on level 2 of the Dungeon.
             The game lasted 00:25:03 (1507 turns).

GFox the Sneak (Vine Stalker Assassin)              Turns: 1507, Time: 00:25:03

Health: 0/23       AC:  5    Str: 14    XL:     4   Next: 79%
Magic:  3/5        EV: 10    Int: 11    God:
Gold:   67         SH:  0    Dex: 16    Spells: 0 memorised, 3 levels left

rFire  . . .     SeeInvis .     a - +2 dagger
rCold  . . .     Clarity  .     c - +0 robe
rNeg   . . .     SustAt   .     (no shield)
rPois  .         Gourm    .     (helmet restricted)
rElec  .         Spirit   +     d - +0 cloak
rCorr  .         Warding  .     s - +1 pair of gloves
rMut   .         Stasis   .     (no boots)
MR     .....                    (no amulet)
Stlth  +++.......               (no ring)
                                o - -2 ring of evasion (curse)

@: lethally poisoned (0 -> -5), not resistant to hostile enchantments, fairly
stealthy
A: fangs 2, horns 1, talons 1, mutation resistance 1, regeneration 1, magic
shield, antimagic bite, no device heal 3, rot immunity
a: no special abilities


You were on level 2 of the Dungeon.
You were not hungry.

You visited 1 branch of the dungeon, and saw 2 of its levels.

You collected 67 gold pieces.

Inventory:

Hand Weapons
 a - a +2 dagger (weapon)
 b - a +0 blowgun
Missiles
 e - 13 poisoned needles
 f - 2 curare-tipped needles
Armour
 c - a +0 robe (worn)
 d - a +0 cloak (worn)
 h - a +0 helmet
 s - a +1 pair of gloves (worn)
Jewellery
 o - a cursed -2 ring of evasion (left hand)
Scrolls
 j - a scroll of identify {unknown}
 k - a scroll of blinking {unknown}
Potions
 q - 4 potions of curing
Comestibles
 g - 2 bread rations
 i - 2 chunks of flesh


   Skills:
 + Level 2.1 Fighting
 + Level 2.1 Short Blades
 + Level 2.6 Throwing
 + Level 1.0 Dodging
 + Level 6.3 Stealth


You had 3 spell levels left.
You didn't know any spells.

Dungeon Overview and Level Annotations

Branches:
Dungeon (2/15)

Altars:
Makhleb


Innate Abilities, Weirdness & Mutations

You have extremely sharp teeth.
Your natural rate of healing is unusually fast.
When hurt, damage is shared between your health and your magic reserves.
Your bite disrupts and absorbs the magic of your enemies.
Potions and wands cannot restore your health.
You are immune to rotting.
You have a pair of small horns on your head.
You have sharp toenails.
You are somewhat resistant to further mutation.


Message History

The adder poisons you!
You barely miss the adder. You claw the adder, but do no damage.
Your headbutt misses the adder. Your bite misses the adder.
The adder is moderately wounded.
* * * LOW HITPOINT WARNING * * *
You feel sick. The adder closely misses you.
You closely miss the adder. You headbutt the adder.
The adder is heavily wounded.
* * * LOW HITPOINT WARNING * * *
You feel sick. The adder barely misses you.
You hit the adder. You claw the adder, but do no damage.
Your bite misses the adder.
The adder is severely wounded.
* * * LOW HITPOINT WARNING * * *
You feel sick. The adder barely misses you.
You hit the adder.
You kill the adder!
* * * LOW HITPOINT WARNING * * *
You feel sick.
You die...

###.# #.# #..#
#.# #..# #.# #..#
######.# #..#
.....#.## #..#
####..#.## #..#
####.###.## #..#
..#.##
##.#####.@# #..##
##.......# ###.##
##)#####.##
##.###.## #.#
#..#.## #.#
####.#..# #.#
.....##.#######.#
................#
#######.#########


There were no monsters in sight!

Vanquished Creatures
  Ijyb (D:2)
  3 adders (D:2)
  A gnoll (D:1)
  2 giant geckos
  3 giant cockroaches (D:1)
  5 goblins
  3 hobgoblins
  4 kobolds
  2 quokkas (D:2)
  5 bats
  6 giant newts
  4 rats
39 creatures vanquished.

Notes
Turn   | Place    | Note
--------------------------------------------------------------
     0 | D:1      | GFox the Vine Stalker Assassin began the quest for the Orb.
     0 | D:1      | Reached XP level 1. HP: 11/11 MP: 2/2
    48 | D:1      | Reached skill level 5 in Stealth
    48 | D:1      | Reached XP level 2. HP: 15/15 MP: 3/3
   319 | D:1      | Reached XP level 3. HP: 18/18 MP: 4/4
   705 | D:2      | Found a burning altar of Makhleb.
   742 | D:2      | Found a faded altar to an unknown god.
   746 | D:2      | Noticed Ijyb
   756 | D:2      | Killed Ijyb
   756 | D:2      | Reached skill level 6 in Stealth
   756 | D:2      | Reached XP level 4. HP: 20/23 MP: 5/5
   819 | D:2      | Gained mutation: You have sharp toenails. [potion of mutation]
   819 | D:2      | Gained mutation: You have a pair of small horns on your head. [potion of mutation]
   819 | D:2      | Gained mutation: You are somewhat resistant to further mutation. [potion of mutation]
   844 | D:2      | Reached skill level 1 in Dodging
  1506 | D:2      | HP: 1/23 [poisoned by an adder]
  1507 | D:2      | Succumbed to an adder's poison

Action                   |  1- 3 |  4- 6 || total
-------------------------+-------+-------++-------
Melee: Dagger            |    33 |    23 ||    56
 Fire: Blowgun           |    19 |    25 ||    44
  Use: Scroll            |       |     4 ||     4
       Potion            |       |     4 ||     4
 Stab: Sleeping          |     8 |     4 ||    12
       Distracted        |       |     2 ||     2
  Eat: Chunk             |       |     2 ||     2
